 Dungeon Crawl Stone Soup version 0.29.1-15-g9cfb28693d (webtiles) character file.

Game seed: 17402403825054557500

177 nightchill the Cudgeller (level 5, 0/51 HPs)
             Began as a Gargoyle Fighter on Mar 21, 2023.
             Slain by an orc
             ... wielding a +0 club
              (3 damage)
             ... on level 3 of the Dungeon.
             The game lasted 00:03:42 (2918 turns).

nightchill the Cudgeller (Gargoyle Fighter)         Turns: 2918, Time: 00:03:42

Health: 0/51       AC: 15    Str: 19    XL:     5   Next: 57%
Magic:  5/5        EV:  5    Int: 11    God:
Gold:   100        SH:  4    Dex:  9    Spells: 4/4 levels left

rFire   . . .      SeeInvis .   a - +0 flail
rCold   . . .      Faith    .   c - +0 buckler
rNeg    + . .      Spirit   .   g - +0 plate armour
rPois   ∞          Reflect  .   (no helmet)
rElec   +          Harm     .   (no cloak)
rCorr   .          Rampage  .   (no gloves)
Will    .....                   (no boots)
Stlth   ..........              e - amulet of magic regeneration
HPRegen 0.17/turn               (no ring)
MPRegen 0.49/turn               (no ring)

@: mighty, berserking, attractive, very quick
A: sickness immunity, AC +4, negative energy resistance 1, electricity
resistance, torment resistance 1, petrification resistance
a: no special abilities


You were on level 3 of the Dungeon.
You visited 1 branch of the dungeon, and saw 3 of its levels.

You collected 100 gold pieces.

Inventory:

Hand Weapons
 a - a +0 flail (weapon)
Armour
 b - a +0 scale mail
 c - a +0 buckler (worn)
 g - a +0 plate armour (worn)
Jewellery
 e - an amulet of magic regeneration (around neck)
 t - a ring of see invisible
Wands
 v - a wand of flame (11)
Scrolls
 h - 5 scrolls of poison {unknown}
 i - 3 scrolls of vulnerability {unknown}
 j - 3 scrolls of blinking {unknown}
 k - 2 scrolls of fog {unknown}
 l - 5 scrolls of identify {unknown}
 q - 2 scrolls of amnesia {unknown}
 u - a scroll of magic mapping {unknown}
Potions
 f - a potion of haste {unknown}
 m - a potion of cancellation {unknown}
 n - a potion of attraction
 o - a potion of degeneration {unknown}
 p - a potion of brilliance {unknown}
 r - a potion of berserk rage
 s - 2 potions of curing {unknown}


   Skills:
 + Level 4.6 Fighting
 * Level 4.7 Maces & Flails
 - Level 3.2 Armour
 - Level 3.2 Shields


You had 4 spell levels left.
You didn't know any spells.
Your spell library contained the following spells:

 Spells                   Type           Power      Damage    Failure   Level
 Apportation              Tloc           0%         N/A       100%        1
 Foxfire                  Conj/Fire      0%         2x1d4     100%        1
 Call Canine Familiar     Summ           0%         N/A       100%        3
 Conjure Flame            Conj/Fire      0%         6-21      100%        3
 Inner Flame              Hex/Fire       0%         N/A       100%        3
 Portal Projectile        Hex/Tloc       0%         N/A       100%        3
 Flame Wave               Conj/Fire      0%         2d4       100%        4
 Leda's Liquefaction      Hex/Erth       0%         N/A       100%        4
 Alistair's Intoxication  Tmut/Pois      0%         N/A       100%        5


Dungeon Overview and Level Annotations

Branches:
Dungeon (3/15)

Altars:

Annotations:
D:2 exclusion: downstairs


Innate Abilities, Weirdness & Mutations

You are immune to sickness and miasma.
Your stone body is resilient. (AC +4)
You are immune to poison.
You resist negative energy. (rN+)
You are resistant to electric shocks. (rElec)
You are resistant to unholy torment.
You are immune to petrification.


Message History

You sock the orc!
You kill the orc!
Something hits you but does no damage. You block the orc's attack.
The orc barely misses you.
The orc wizard hits you but does no damage.
You closely miss the orc. Something hits you but does no damage.
The orc hits you but does no damage. x3
The orc wizard hits you but does no damage.
You block the orc's attack. The orc hits you with a +0 club.
* * * LOW HITPOINT WARNING * * *
The orc hits you with a +0 dagger.
* * * LOW HITPOINT WARNING * * *
The orc barely misses you. The orc hits you but does no damage.
Something hits you but does no damage. The orc barely misses you.
The orc wizard barely misses you. The orc barely misses you.
It was a potion of berserk rage.
A red film seems to cover your vision as you go berserk!
You feel yourself moving faster!
You feel mighty! The orc hits you with a +0 dagger.
* * * LOW HITPOINT WARNING * * *
The orc hits you with a +0 war axe.
* * * LOW HITPOINT WARNING * * *
Something hits you but does no damage. The orc barely misses you.
The orc hits you but does no damage. The orc wizard barely misses you.
The orc hits you but does no damage.
You barely miss the orc wizard.
The orc wizard is almost dead.
The orc hits you with a +0 dagger.
* * * LOW HITPOINT WARNING * * *
The orc barely misses you. x2; You block something's attack.
You block the orc's attack. The orc hits you but does no damage.
The orc wizard casts a spell.
The orc wizard flickers and vanishes!
Unknown command.
You miss something. You barely miss the orc.
The orc hits you but does no damage. You block the orc's attack.
Something hits you but does no damage. The orc barely misses you.
Something hits you but does no damage. The orc hits you but does no damage.
The orc hits you with a +0 club.
You die...

........................
####.....................
###### #.....................
......
#......................######.
#.............................
#.......................#####.
#.........................###.
#...........oo{....... #.>...
#...........o@o....... ######
#............{o.......
................#######
..#############.## .. #.# ..#
###


You could see 5 orcs.

Vanquished Creatures
  A scorpion (D:1)
  2 adders
  4 gnolls
  A worm (D:3)
  A dart slug (D:1)
  2 orcs (D:3)
  7 ball pythons
  4 endoplasms
  A giant cockroach (D:3)
  A goblin (D:2)
  8 hobgoblins
  5 jackals
  3 quokkas
  4 bats
  3 frilled lizards
  2 kobolds
  6 rats
55 creatures vanquished.

Notes
Turn   | Place    | Note
-------+----------+-------------------------------------------
     0 | D:1      | nightchill the Gargoyle Fighter began the quest for the
                  | Orb.
     0 | D:1      | Reached XP level 1. HP: 14/14 MP: 1/1
   316 | D:1      | Reached XP level 2. HP: 19/19 MP: 2/2
   347 | D:1      | Found a faded altar of an unknown god.
  1136 | D:1      | Reached XP level 3. HP: 24/24 MP: 3/3
  1169 | D:2      | Noticed a scorpion
  1193 | D:1      | Killed a scorpion
  1194 | D:1      | Reached XP level 4. HP: 24/29 MP: 4/4
  1819 | D:2      | Reached XP level 5. HP: 30/34 MP: 5/5
  2918 | D:3      | Slain by an orc

Illustrated notes

Levels and vault maps discovered:
D:1:      minmay_arrival_wavy_path, layout_basic,
          chequers_ecumenical_altar_simple_redux
D:2:      layout_basic, minmay_tetromino_o2
D:3:      layout_basic

Skill      XL: |  1  2  3  4 |
---------------+-------------+-----
Maces & Flails | 3 4 |  4.7
Fighting       | 4 |  4.6
Armour         | |  3.2
Shields        | |  3.2

Action                   |  1- 3 |  4- 6 || total
-------------------------+-------+-------++-------
Melee: Flail             |    57 |   140 ||   197
  Use: Potion            |       |     3 ||     3
Armor: Scale mail        |     9 |       ||     9
       Plate armour      |    40 |   123 ||   163
Dodge: Dodged            |    15 |    54 ||    69
Block: Buckler           |    15 |    37 ||    52
